AoeStats
← Peshmerga424

Scandinavia

510623283Analyzed
1v1 RM · 12h ago on Oct 1, 2026· 33m 20s· 2 players
Game mode
Random Map
Map size
Tiny (2 player)
Population
200
Speed
Normal
Resources
Standard
Victory
Conquest
Starting age
Dark Age
Ending age
Imperial Age
RankedLock teamsTeams togetherTeam positionsShared explorationLock speedFull tech treeHidden civsTurbo modeCheats
Victory
Defeat
🇸🇪 Sicilians · Sweden
1363
+16
🇦🇺 Romans · Australia
1360
-16
NAB
8:15 Loom
10:29 Feudal Age
14:46 Castle Age
16:11 Double-Bit Axe
32:15 Imperial Age
Peshmerga424
6:47 Loom
9:50 Feudal Age
20:17 Castle Age
18:22 Double-Bit Axe
18:19 Horse Collar
20:05 Forging
19:56 Scale Mail Armor
22:06 Chain Mail Armor
32:23 Imperial Age
32:09 Wheelbarrow
33:42 Scale Barding Armor
34:12 Iron Casting
Connection lost

Rejoining the realm…

Still unreachable

The connection could not be restored.

Session expired

The server has moved on; the page needs a fresh start.